 Dungeon Crawl Stone Soup version 0.23.2-30-g0e89c35649 (webtiles) character file.

Game seed: 4599638073075418857

154 dvd the Chucker (level 5, 0/53 HPs)
             Began as an Ogre Hunter on June 17, 2019.
             Killed from afar by an orc wizard (10 damage)
             ... with a magic dart
             ... on level 3 of the Dungeon.
             The game lasted 00:04:09 (1643 turns).

dvd the Chucker (Ogre Hunter)                       Turns: 1643, Time: 00:04:10

Health: 0/53       AC:  6    Str: 16    XL:     5   Next: 35%
Magic:  5/5        EV: 10    Int: 12    God:
Gold:   81         SH:  0    Dex: 10    Spells: 4/4 levels left

rFire    . . .     SeeInvis .   h - +2 spear (pain)
rCold    . . .     Gourm    .   (no shield)
rNeg     + . .     Faith    .   b - +0 robe
rPois    .         Spirit   .   (helmet restricted)
rElec    .         Reflect  .   j - +2 cloak
rCorr    .         Harm     .   (gloves unavailable)
MR       .....                  (boots unavailable)
Stlth    +.........             (no amulet)
HPRegen  0.17/turn              i - ring of positive energy
MPRegen  0.09/turn              (no ring)

@: no status effects
A: large, unfitting armour, tough skin 1
a: no special abilities


You were on level 3 of the Dungeon.
You were hungry.

You visited 1 branch of the dungeon, and saw 3 of its levels.

You collected 81 gold pieces.

Inventory:

Hand Weapons
 a - a +0 short sword
 h - a +2 spear of pain (weapon)
 m - a +0 dagger of speed
 n - a +1 mace of protection
 p - a +0 hand axe
Armour
 b - a +0 robe (worn)
 j - a +2 cloak (worn)
Jewellery
 i - a ring of positive energy (left hand)
Wands
 r - a wand of scattershot (8)
Scrolls
 c - 2 scrolls of identify {unknown}
 e - a scroll of amnesia {unknown}
 g - 4 scrolls of remove curse {unknown}
 o - a scroll of fear {unknown}
Potions
 k - 3 potions of brilliance {unknown}
Comestibles
 f - 3 rations
 q - 5 chunks of flesh


   Skills:
 + Level 3.1 Fighting
 + Level 1.4 Polearms
 + Level 5.6 Throwing
 + Level 2.4 Dodging
 + Level 0.8 Stealth


You had 4 spell levels left.
You didn't know any spells.
Your spell library was empty.

Dungeon Overview and Level Annotations

Branches:
Dungeon (3/15)

Altars:


Innate Abilities, Weirdness & Mutations

You are too large for most types of armour.
You have tough skin. (AC +1)


Message History

Press: ? - help, Shift-Dir - straight line, f/p - orc wizard
Aim: an orc wizard, wielding a +0 dagger and wearing a +0 robe (heavily wounded)
You throw a throwing net.
The throwing net closely misses the orc wizard.
The orc wizard gestures wildly while chanting.
The orc wizard seems to speed up.
Throwing (i - inventory)
d - 2 throwing nets (quivered)
Press: ? - help, Shift-Dir - straight line, f/p - orc wizard
Aim: an orc wizard, wielding a +0 dagger and wearing a +0 robe (heavily wounded, fast)
You throw a throwing net.
The throwing net barely misses the orc wizard.
The orc wizard barely misses you.
Throwing (i - inventory)
d - a throwing net (quivered)
Press: ? - help, Shift-Dir - straight line, f/p - orc wizard
Aim: an orc wizard, wielding a +0 dagger and wearing a +0 robe (heavily wounded, fast)
You throw a throwing net.
The throwing net closely misses the orc wizard.
The orc wizard points at you and mumbles some strange words.
The magic dart hits you!
You die...

##...## .# ..
##'## .# .(. #.#
((. #.# ...###.###
#......# #......#
#.#.)..########
.##.##@..........
#......o..########
#######.### #.#
#># #.# #.# #(# ..


You could see an orc wizard.

Vanquished Creatures
  An orc wizard (D:3)
  3 gnolls (D:3)
  3 adders (D:2)
  An ooze (D:1)
  5 leopard geckos
  7 orcs
  A ball python (D:1)
  6 bats
  2 giant cockroaches
  6 goblins
  5 hobgoblins
  2 jackals (D:2)
  A quokka (D:2)
  2 frilled lizards
  6 kobolds
  5 rats
56 creatures vanquished.

Notes
Turn   | Place    | Note
-------+----------+-------------------------------------------
     0 | D:1      | dvd the Ogre Hunter began the quest for the Orb.
     0 | D:1      | Reached XP level 1. HP: 22/22 MP: 1/1
   135 | D:1      | Reached XP level 2. HP: 23/29 MP: 2/2
   329 | D:1      | Reached XP level 3. HP: 36/36 MP: 3/3
   702 | D:2      | Reached skill level 5 in Throwing
   887 | D:2      | Reached XP level 4. HP: 44/44 MP: 4/4
  1337 | D:3      | Reached skill level 1 in Polearms
  1508 | D:3      | Reached XP level 5. HP: 53/53 MP: 5/5
  1643 | D:3      | Killed from afar by an orc wizard

Skill      XL: |  1  2  3  4 |
---------------+-------------+-----
Dodging        | 2 |  2.4
Throwing       | 5 |  5.6
Fighting       | 3 |  3.1
Polearms       | 1 |  1.4
Stealth        | |  0.8

Action                   |  1- 3 |  4- 6 || total
-------------------------+-------+-------++-------
Melee: Short sword       |     7 |       ||     7
       Spear             |    37 |    67 ||   104
Throw: Large rock        |    35 |    18 ||    53
       Throwing net      |     1 |     3 ||     4
 Stab: Sleeping          |     1 |     1 ||     2
  Eat: Chunk             |       |     2 ||     2
Armor: Robe              |    15 |    32 ||    47
Dodge: Dodged            |    23 |    49 ||    72
